 Dungeon Crawl Stone Soup version 0.29-a0-559-g359e09b9d1 (webtiles) character file.

Game seed: 16144506708538666788

205 Lekart the Skirmisher (level 5, -3/47 HPs)
             Began as a Draconian Abyssal Knight on June 10, 2022.
             Was a Priest of Lugonu.
             Slain by a gnoll
             ... wielding a +0 halberd
             ... led by a gnoll shaman
              (11 damage)
             ... on level 4 of the Dungeon.
             The game lasted 00:06:58 (4333 turns).

Lekart the Skirmisher (Draconian Abyssal Knight)    Turns: 4333, Time: 00:06:59

Health: -3/47      AC:  5    Str: 15    XL:     5   Next: 52%
Magic:  2/7        EV: 12    Int: 10    God:    Lugonu [***...]
Gold:   202        SH:  0    Dex: 14    Spells: 4/4 levels left

rFire   . . .      SeeInvis .   a - +1 falchion
rCold   . . .      Faith    .   (no shield)
rNeg    . . .      Spirit   .   (body armour unavailable)
rPois   .          Reflect  .   (helmet restricted)
rElec   .          Harm     .   (no cloak)
rCorr   .          Rampage  .   (no gloves)
Will    .....                   (no boots)
Stlth   +.........              (no amulet)
HPRegen 0.15/turn               (no ring)
MPRegen 0.10/turn               (no ring)

@: no status effects
A: AC +5, unfitting armour, cold-blooded
a: Renounce Religion, Depart the Abyss, Bend Space, Banish


You were on level 4 of the Dungeon.
You worshipped Lugonu.
Lugonu was most pleased with you.
You visited 1 branch of the dungeon, and saw 4 of its levels.
You visited the Abyss 1 time.

You collected 202 gold pieces.

Inventory:

Hand Weapons
 a - a +1 falchion (weapon)
Jewellery
 c - a ring of flight
 j - a ring of willpower
Scrolls
 e - a scroll of blinking {unknown}
 g - 3 scrolls of identify {unknown}
 i - a scroll of silence {unknown}
Potions
 b - a potion of lignification
 d - a potion of magic {unknown}
 f - 2 potions of berserk rage {unknown}
 h - a potion of flight
 k - 2 potions of curing
 l - a potion of haste {unknown}


   Skills:
 * Level 4.7 Fighting
 + Level 3.4 Long Blades
 + Level 2.8 Dodging
 * Level 3.5 Invocations


You had 4 spell levels left.
You didn't know any spells.
Your spell library contained the following spells:

 Spells                   Type           Power      Damage    Failure   Level
 Scorch                   Fire           0%         2d5       50%         2
 Ignite Poison            Fire/Tmut/Pois 0%         N/A       75%         3
 Mephitic Cloud           Conj/Pois/Air  0%         N/A       75%         3
 Corpse Rot               Necr/Pois/Air  0%         N/A       98%         4
 Dispel Undead            Necr           0%         3d6       98%         4
 Flame Wave               Conj/Fire      0%         2d4       98%         4
 Freezing Cloud           Conj/Ice/Air   0%         6-21      100%        5
 Death Channel            Necr           0%         N/A       100%        6
 Summon Cactus Giant      Summ           0%         N/A       100%        6


Dungeon Overview and Level Annotations

Branches:
Dungeon (4/15)
 Temple: D:4-7

Altars:

Shops:
D:1 ?   D:3 (

Annotations:
Abyss:1 Terence


Innate Abilities, Weirdness & Mutations

Your plain brown scales are hard. (AC +5)
You cannot fit into any form of body armour.
You are cold-blooded and may be slowed by cold attacks.


Message History

There are monsters nearby!
There are monsters nearby!
The gnoll hits you with a +0 flail!
You hit the gnoll.
The gnoll is moderately wounded.
The gnoll hits you with a +0 flail.
A gnoll shaman comes into view. It is wielding a +0 club.
The gnoll hits you from afar with a +0 halberd!
You closely miss the gnoll.
The gnoll is moderately wounded.
The gnoll closely misses you.
You completely miss the gnoll.
The gnoll is moderately wounded.
The gnoll barely misses you.
Okay, then.
The gnoll attacks as you move away! The gnoll closely misses you.
The gnoll shaman calls upon its god to heal the gnoll.
The gnoll's wounds heal themselves!
The gnoll shaman calls upon its god to speed up the gnoll.
The gnoll seems to speed up.
The gnoll attacks as you move away! The gnoll hits you with a +0 flail.
The gnoll attacks as you move away! The gnoll closely misses you.
You hit the gnoll but do no damage.
You tail-slap the gnoll, but do no damage.
The gnoll closely misses you.
A gnoll comes into view. It is wielding a +0 whip.
The gnoll attacks as you move away! The gnoll hits you with a +0 flail!
* * * LOW HITPOINT WARNING * * *
Press: ? - help, Shift-Dir - straight line, f - gnoll
Aim: a gnoll, wielding a +0 flail (chance to affect: 86%)
You fail to use your ability.
The gnoll closely misses you.
Press: ? - help, Shift-Dir - straight line, f/p - gnoll
Aim: a gnoll, wielding a +0 flail (chance to affect: 86%)
The gnoll is devoured by a tear in reality.
Lugonu claims a new guest.
Space bends violently around you!
You blink.
The gnoll hits you from afar with a +0 halberd.
* * * LOW HITPOINT WARNING * * *
The gnoll hits you from afar with a +0 halberd!
You die...

#...# ##.## #.# #.#
#.# #.# #.# #.# #.#
#.# #.# #.# #.# #.#
######.####.# # #.#
#..§.gg.@...# ...
#.#
#.####§##########..#
#.###.#
#§§..g..g.....#
#.....#
############<##
#######


You could see a gnoll shaman and a gnoll (fast).

Vanquished Creatures
  4 gnolls (D:2)
  An adder (D:2)
  A worm (D:2)
  5 dart slugs
  10 orcs (D:3)
  13 endoplasms
  7 giant cockroaches
  7 hobgoblins
  7 jackals
  4 quokkas
  2 ball pythons (D:2)
  9 bats
  10 frilled lizards
  7 goblins
  2 kobolds (D:3)
  3 rats
92 creatures vanquished.

Vanquished Creatures (others)
  4 plants (D:2)
4 creatures vanquished.

Grand Total: 96 creatures vanquished

Notes
Turn   | Place    | Note
-------+----------+-------------------------------------------
     0 | Abyss:1  | Lekart the Draconian Abyssal Knight began the quest for the
                  | Orb.
     0 | Abyss:1  | Reached XP level 1. HP: 19/19 MP: 2/2
    19 | Abyss:1  | Found a corrupted altar of Lugonu.
    62 | Abyss:1  | Noticed a wretched star
    66 | D:1      | Escaped the Abyss
   183 | D:1      | Reached ** piety under Lugonu
   191 | D:1      | Reached XP level 2. HP: 26/27 MP: 3/3
   267 | D:1      | Found a faded altar of an unknown god.
   542 | D:1      | Found Kypreocu's Magic Scroll Emporium.
   547 | D:1      | Reached skill level 4 in Fighting
   686 | D:1      | Reached XP level 3. HP: 27/33 MP: 4/4
  1918 | D:2      | Reached XP level 4. HP: 26/41 MP: 5/5
  2482 | D:2      | Reached *** piety under Lugonu
  3426 | D:3      | Reached XP level 5. HP: 47/47 MP: 7/7
  3640 | D:3      | Found Karielo's Antique Weapon Shoppe.
  3902 | D:3      | Noticed Terence
  3924 | D:3      | Banished Terence
  4333 | D:4      | Slain by a gnoll

Illustrated notes

Levels and vault maps discovered:
D:1:      minmay_arrival_glassed_features, layout_loops_corners,
          shapermc_ecumenical_altar_venn, serial_shops, nicolae_square_shop,
          hangedman_decor_points
D:2:      layout_basic, serial_forest, infiniplex_forest_end_3,
          infiniplex_forest_corner_1, infiniplex_forest_clump_diagonal,
          infiniplex_forest_clump_tiny, infiniplex_forest_clump_curved,
          infiniplex_forest_lined_room_2, infiniplex_forest_straight_2,
          infiniplex_forest_lined_ring, infiniplex_forest_lined_3_way,
          infiniplex_forest_straight_2
D:3:      layout_loops_ring, serial_shops, nicolae_shop_statue_plus,
          uniq_terence
D:4:      layout_loops_ring, serial_shops, nicolae_inconvenience_store,
          uniq_eustachio, uniq_crazy_yiuf_cottage

Skill      XL: |  1  2  3  4 |
---------------+-------------+-----
Fighting       | 4 |  4.7
Long Blades    | 3 |  3.4
Invocations    | 3 |  3.5
Dodging        | |  2.8

Action                   |  1- 3 |  4- 6 || total
-------------------------+-------+-------++-------
Melee: Falchion          |   129 |   137 ||   266
       Tailslap          |    12 |    14 ||    26
       Punch             |     2 |     1 ||     3
Invok: Depart the Abyss  |     1 |       ||     1
       Bend Space        |       |    11 ||    11
       Banish            |       |     3 ||     3
  Use: Scroll            |     1 |       ||     1
       Potion            |       |     7 ||     7
 Stab: Sleeping          |     5 |     3 ||     8
Armor: Skin              |    50 |    84 ||   134
Dodge: Dodged            |    93 |    83 ||   176

Table legend: (Time is in decaauts)
 A = Elapsed time spent in this place.
 B = Non-inter-level travel time spent in this place.
 C = Inter-level travel time spent in this place.
 D = Time resting spent in this place.
 E = Time spent auto-exploring this place.
 F = Levels seen in this place.
 G = Mean time per level.
                   A        B        C        D        E       F      G
               +--------+--------+--------+--------+--------+-----+--------+
         Total |   4382 |   4302 |     80 |    255 |   3325 |   5 |  876.4 |
       Dungeon |   4314 |   4234 |     80 |    255 |   3263 |   4 | 1078.5 |
         Abyss |     67 |     67 |      0 |      0 |     62 |   1 |   67.0 |
               +--------+--------+--------+--------+--------+-----+--------+

Top non-repeatable levels by time:
     D:1: 1823 daAuts
     D:2: 1359 daAuts
     D:3: 1068 daAuts
 Abyss:1: 67 daAuts
     D:4: 63 daAuts
